cohdb
Replays
Latest Replays
All Replays
Popular Replays
Top Player Replays
Match Explorer
How It Works
Community
CoH3 Stats
Reddit
Sign in to upload your games and track your stats! →
Sign in with Steam
Match 35787501
Unlisted
Match 35787501
Overview
Messages
Build Orders
End
Panzergrenadier Squad
Panzergrenadier Squad
Panzergrenadier Squad
Construct Light Support Kompanie
2.5-tonne Medical Truck
Forward Retreat Point
Fire Support Elements
Selects Italian Infantry
Selects Guastatori Squad
Guastatori Squad
Selects Defensive Operations
Pak 38 Mechanized Group
Combat Half-tracks
le.IG 18 Support Gun Team
Selects Prepared Positions
Construct Panzerarmee Kommand
Tungsten Core Ammunition
Armored Reserves
Rapid Advance
Selects Obice 305mm Barrage
Selects Registered Artillery
Obice 305mm Barrage
Tiger Heavy Tank
Panzerpioneer Squad
Registered Artillery
Advanced Optics
Obice 305mm Barrage
Panzer IV Assault Group
Obice 305mm Barrage
Emergency Repair Kits
MuniekPL
Husar
Felipe
Zmasowany
Mattlock
Philosophical
[TM] DayDayHun
DARTH_SVK
0
0
Comments
sign in to comment!
No comments posted yet!